MWL (24 & UNDER)
BEMIDJI BENDERS @ COLUMBIA 08S
05/03/2023
 
TOP OF THE 1ST
Bemidji Benders batting - Pitching for Columbia 08s : LHP Mike Stevens
Pitching: LHP Mike Stevens
Batting: RHB Esteban Salas 0-0: Ground out 6-3 (Groundball, 6)
Batting: RHB Júlio Sánchez 0-0: Swinging Strike
0-1: Ball
1-1: Ball
2-1: Ground out 1-3 (Groundball, 13)
Batting: LHB Willie Wallace 0-0: Swinging Strike
0-1: Ball
1-1: Ball
2-1: Called Strike
2-2: Strikes out swinging
Top of the 1st over - 0 run(s), 0 hit(s), 0 error(s), 0 left on base; Bemidji 0 - Columbia 0
BOTTOM OF THE 1ST
Columbia 08s batting - Pitching for Bemidji Benders : RHP Alberto Parra
Pitching: RHP Alberto Parra
Batting: RHB Ichizo Akiyama 0-0: Fly out, F4 (Popup, 34D)
Batting: RHB Vic Langlois 0-0: Hit by Pitch
Batting: LHB Luis Flores 0-0: Ball
1-0: Called Strike
1-1: DOUBLE (Groundball, 5L)
Vic Langlois to third
Batting: LHB Colm Massey 0-0: Called Strike
0-1: Called Strike
0-2: Ball
1-2: Foul Ball, location: 2F
1-2: Foul Ball, location: 2F
1-2: Ball
2-2: Strikes out swinging
Batting: RHB Alfredo Hernández 0-0: Called Strike
0-1: Ball
1-1: Ball
2-1: SINGLE (Line Drive, 4D)
Vic Langlois scores
Luis Flores to third
Runner from 3rd tries for Home, throw and OUT!
Bottom of the 1st over - 1 run(s), 2 hit(s), 0 error(s), 1 left on base; Bemidji 0 - Columbia 1
TOP OF THE 2ND
Bemidji Benders batting - Pitching for Columbia 08s : LHP Mike Stevens
Batting: RHB Alfredo López 0-0: Called Strike
0-1: Ball
1-1: Ball
2-1: DOUBLE (Line Drive, 89XD)
Batting: RHB Juan Costello 0-0: Ball
1-0: Called Strike
1-1: Ball
2-1: Ball
3-1: Called Strike
3-2: Base on Balls
Batting: LHB Tony Green 0-0: Ball
1-0: Swinging Strike
1-1: Called Strike
1-2: Strikes out swinging
Batting: SHB José Cruz 0-0: Called Strike
0-1: Foul Ball, location: 2F
0-2: SINGLE (Groundball, 4D)
Alfredo López to third
Juan Costello to second
Batting: RHB Claudio Souza 0-0: Ball
1-0: Ball
2-0: Ball
3-0: Base on Balls
Alfredo López scores
Juan Costello to third
José Cruz to second
Batting: RHB Roberto Solís 0-0: Called Strike
0-1: Foul Ball, location: 2F
0-2: Ball
1-2: Grounds into double play, 6-4-3 (Groundball, 6)
Top of the 2nd over - 1 run(s), 2 hit(s), 0 error(s), 2 left on base; Bemidji 1 - Columbia 1
BOTTOM OF THE 2ND
Columbia 08s batting - Pitching for Bemidji Benders : RHP Alberto Parra
Batting: RHB Barton Frazier 0-0: Ground out 1-3 (Groundball, 23)
Batting: SHB Roberto Rivera 0-0: Ball
1-0: Called Strike
1-1: Called Strike
1-2: Ball
2-2: Strikes out swinging
Batting: RHB Felipe Rodríguez 0-0: Ball
1-0: Swinging Strike
1-1: Swinging Strike
1-2: Ball
2-2: Strikes out looking
Bottom of the 2nd over - 0 run(s), 0 hit(s), 0 error(s), 0 left on base; Bemidji 1 - Columbia 1
TOP OF THE 3RD
Bemidji Benders batting - Pitching for Columbia 08s : LHP Mike Stevens
Batting: RHB Esteban Salas 0-0: Fly out, F9 (Flyball, 89M)
Batting: RHB Júlio Sánchez 0-0: Ball
1-0: Ball
2-0: Called Strike
2-1: Swinging Strike
2-2: Ground out 5-3 (Groundball, 56S)
Batting: LHB Willie Wallace 0-0: SINGLE (Groundball, 56D)
Batting: RHB Alfredo López 0-0: Called Strike
0-1: Ball
1-1: DOUBLE (Line Drive, 78M)
Willie Wallace to third
Runner from 3rd tries for Home, SAFE, no throw or cutoff
Batting: RHB Juan Costello 0-0: Called Strike
0-1: Foul Ball, location: 2F
0-2: Ball
1-2: Ball
2-2: Ball
3-2: Strikes out looking
Top of the 3rd over - 1 run(s), 2 hit(s), 0 error(s), 1 left on base; Bemidji 2 - Columbia 1
BOTTOM OF THE 3RD
Columbia 08s batting - Pitching for Bemidji Benders : RHP Alberto Parra
Batting: LHB Brock Larsen 0-0: Ball
1-0: Foul Ball, location: 2F
1-1: Called Strike
1-2: Ball
2-2: Foul Ball, location: 2F
2-2: Ball
3-2: Base on Balls
Batting: RHB Ichizo Akiyama 0-0: Swinging Strike
0-1: Ball
1-1: Ball
2-1: SINGLE (Flyball, 8LS)
Brock Larsen to second
Batting: RHB Vic Langlois 0-0: Reached on error, E5 (Groundball, 56)
Brock Larsen to third
Ichizo Akiyama to second
Batting: LHB Luis Flores 0-0: Called Strike
0-1: Ball
1-1: Foul Ball, location: 2F
1-2: Ball
2-2: Strikes out swinging
Batting: LHB Colm Massey 0-0: Ball
1-0: SINGLE (Flyball, 78S)
Brock Larsen scores
Ichizo Akiyama to third
Vic Langlois to second
Runner from 3rd tries for Home, SAFE, throw made home
Vic Langlois to third
Colm Massey to second
Batting: RHB Alfredo Hernández 0-0: Called Strike
0-1: Swinging Strike
0-2: Ball
Wild Pitch!
Vic Langlois scores
Colm Massey to third
1-2: Ball
2-2: Foul Ball, location: 2F
2-2: Strikes out swinging
Batting: RHB Barton Frazier 0-0: Fly out, F7 (Flyball, 7D)
Bottom of the 3rd over - 3 run(s), 2 hit(s), 1 error(s), 1 left on base; Bemidji 2 - Columbia 4
TOP OF THE 4TH
Bemidji Benders batting - Pitching for Columbia 08s : LHP Mike Stevens
Batting: LHB Tony Green 0-0: Swinging Strike
0-1: Foul Ball, location: 2F
0-2: Ground out 4-3 (Groundball, 4)
Batting: SHB José Cruz 0-0: Called Strike
0-1: Foul Ball, location: 2F
0-2: Ball
1-2: Ball
2-2: Ball
3-2: SINGLE (Line Drive, 78M)
Batting: RHB Claudio Souza 0-0: Ball
1-0: Grounds into double play, 6-4-3 (Groundball, 6)
Top of the 4th over - 0 run(s), 1 hit(s), 0 error(s), 0 left on base; Bemidji 2 - Columbia 4
BOTTOM OF THE 4TH
Columbia 08s batting - Pitching for Bemidji Benders : RHP Alberto Parra
Batting: SHB Roberto Rivera 0-0: Called Strike
0-1: Foul Ball, location: 2F
0-2: Strikes out swinging
Batting: RHB Felipe Rodríguez 0-0: Called Strike
0-1: Ball
1-1: Ball
2-1: Ground out 6-3 (Groundball, 6)
Batting: LHB Brock Larsen 0-0: Ball
1-0: Ball
2-0: Foul Ball, location: 2F
2-1: Swinging Strike
2-2: Strikes out swinging
Bottom of the 4th over - 0 run(s), 0 hit(s), 0 error(s), 0 left on base; Bemidji 2 - Columbia 4
TOP OF THE 5TH
Bemidji Benders batting - Pitching for Columbia 08s : LHP Mike Stevens
Batting: RHB Roberto Solís 0-0: Called Strike
0-1: Ball
1-1: Ground out U3 (Groundball, 3)
Batting: RHB Esteban Salas 0-0: Ground out U3 (Groundball, 3S)
Batting: RHB Júlio Sánchez 0-0: Called Strike
0-1: Ground out 1-3 (Groundball, 15)
Top of the 5th over - 0 run(s), 0 hit(s), 0 error(s), 0 left on base; Bemidji 2 - Columbia 4
BOTTOM OF THE 5TH
Columbia 08s batting - Pitching for Bemidji Benders : RHP Alberto Parra
Batting: RHB Ichizo Akiyama 0-0: Called Strike
0-1: DOUBLE (Line Drive, 8LM)
Batting: RHB Vic Langlois 0-0: Foul Ball, location: 2F
0-1: Foul Ball, location: 2F
0-2: Fly out, F8 (Flyball, 8RS)
Batting: LHB Luis Flores 0-0: Ball
1-0: Foul Ball, location: 2F
1-1: Called Strike
1-2: Strikes out swinging
Batting: LHB Colm Massey 0-0: Called Strike
0-1: Ball
1-1: Ball
2-1: Ball
3-1: Base on Balls
Batting: RHB Alfredo Hernández 0-0: Ball
1-0: Called Strike
1-1: Swinging Strike
1-2: Strikes out swinging
Bottom of the 5th over - 0 run(s), 1 hit(s), 0 error(s), 2 left on base; Bemidji 2 - Columbia 4
TOP OF THE 6TH
Bemidji Benders batting - Pitching for Columbia 08s : LHP Mike Stevens
Batting: LHB Willie Wallace 0-0: Ball
1-0: Ball
2-0: Called Strike
2-1: Foul Ball, location: 2F
2-2: SINGLE (Groundball, 4M)
Batting: RHB Alfredo López 0-0: Fly out, F7 (Flyball, 78M)
Batting: RHB Juan Costello 0-0: Ball
1-0: Fly out, F9 (Flyball, 9LDF)
Batting: LHB Tony Green 0-0: Ball
Willie Wallace is caught stealing 2nd base
Top of the 6th over - 0 run(s), 1 hit(s), 0 error(s), 0 left on base; Bemidji 2 - Columbia 4
BOTTOM OF THE 6TH
Columbia 08s batting - Pitching for Bemidji Benders : RHP Alberto Parra
Pitching: LHP David Taylor
Batting: RHB Barton Frazier 0-0: Ball
1-0: DOUBLE (Line Drive, 78M)
Batting: SHB Roberto Rivera 0-0: Fly out, F8 (Line Drive, 8RM)
Batting: RHB Felipe Rodríguez 0-0: Ball
1-0: Ground out 6-3 (Groundball, 6M)
Barton Frazier to third
Batting: LHB Brock Larsen 0-0: Called Strike
0-1: Ball
1-1: Ground out 6-3 (Groundball, 6)
Bottom of the 6th over - 0 run(s), 1 hit(s), 0 error(s), 1 left on base; Bemidji 2 - Columbia 4
TOP OF THE 7TH
Bemidji Benders batting - Pitching for Columbia 08s : LHP Mike Stevens
Batting: LHB Tony Green 0-0: Called Strike
0-1: Foul Ball, location: 2F
0-2: Foul Ball, location: 2F
0-2: Ball
1-2: Ball
2-2: Strikes out swinging
Batting: SHB José Cruz 0-0: Called Strike
0-1: Swinging Strike
0-2: Foul Ball, location: 2F
0-2: Ground out 1-3 (Groundball, 15)
Batting: RHB Claudio Souza 0-0: Called Strike
0-1: Ball
1-1: Ball
2-1: Ball
3-1: Base on Balls
Pitching: RHP Irwin Conway
Batting: RHB Roberto Solís 0-0: Ball
1-0: Foul Ball, location: 2F
1-1: Fly out, F8 (Flyball, 8LM)
Top of the 7th over - 0 run(s), 0 hit(s), 0 error(s), 1 left on base; Bemidji 2 - Columbia 4
BOTTOM OF THE 7TH
Columbia 08s batting - Pitching for Bemidji Benders : LHP David Taylor
Batting: RHB Ichizo Akiyama 0-0: Called Strike
0-1: Foul Ball, location: 2F
0-2: Ball
1-2: Strikes out looking
Batting: RHB Vic Langlois 0-0: Called Strike
0-1: Foul Ball, location: 2F
0-2: Ball
1-2: Ball
2-2: Foul Ball, location: 2F
2-2: Ground out 5-3 (Groundball, 56S)
Batting: LHB Luis Flores 0-0: Ground out 5-3 (Groundball, 5)
Bottom of the 7th over - 0 run(s), 0 hit(s), 0 error(s), 0 left on base; Bemidji 2 - Columbia 4
TOP OF THE 8TH
Bemidji Benders batting - Pitching for Columbia 08s : RHP Irwin Conway
Batting: RHB Esteban Salas 0-0: Swinging Strike
0-1: Ball
1-1: Foul Ball, location: 2F
1-2: Ball
2-2: Strikes out swinging
Batting: RHB Júlio Sánchez 0-0: Swinging Strike
0-1: Called Strike
0-2: Fly out, F7 (Line Drive, 7M)
Batting: LHB Willie Wallace 0-0: SINGLE (Groundball, 4M)
Pitching: RHP Juan Moreno
Batting: RHB Alfredo López 0-0: Called Strike
0-1: Swinging Strike
0-2: Strikes out looking
Top of the 8th over - 0 run(s), 1 hit(s), 0 error(s), 1 left on base; Bemidji 2 - Columbia 4
BOTTOM OF THE 8TH
Columbia 08s batting - Pitching for Bemidji Benders : LHP David Taylor
Batting: LHB Colm Massey 0-0: Ball
1-0: Foul Ball, location: 2F
1-1: Swinging Strike
1-2: Strikes out swinging
Pitching: LHP António Martínez
Batting: RHB Alfredo Hernández 0-0: Called Strike
0-1: Foul Ball, location: 2F
0-2: Ground out 5-3 (Groundball, 5S)
Batting: RHB Barton Frazier 0-0: Called Strike
0-1: Called Strike
0-2: Ball
1-2: Ball
2-2: SINGLE (Groundball, 6D)
Batting: SHB Roberto Rivera 0-0: DOUBLE (Flyball, 7LD)
Barton Frazier to third
Batting: RHB Felipe Rodríguez 0-0: SINGLE (Line Drive, 6D)
Barton Frazier scores
Roberto Rivera to third
Runner from 3rd tries for Home, SAFE, no throw or cutoff
Batting: LHB Brock Larsen 0-0: Called Strike
0-1: SINGLE (Line Drive, 6MD)
Felipe Rodríguez to second
Batting: RHB Ichizo Akiyama 0-0: Ball
1-0: Swinging Strike
1-1: Swinging Strike
1-2: Ball
2-2: Ball
3-2: Foul Ball, location: 2F
3-2: Strikes out swinging
Bottom of the 8th over - 2 run(s), 4 hit(s), 0 error(s), 2 left on base; Bemidji 2 - Columbia 6
TOP OF THE 9TH
Bemidji Benders batting - Pitching for Columbia 08s : RHP Juan Moreno
Batting: RHB Juan Costello 0-0: Foul Ball, location: 2F
0-1: Ball
1-1: Ball
2-1: Ground out 6-3 (Groundball, 6M)
Batting: LHB Tony Green 0-0: Ball
1-0: Called Strike
1-1: Ball
2-1: Called Strike
2-2: Foul Ball, location: 2F
2-2: Ball
3-2: Strikes out swinging
Batting: SHB José Cruz 0-0: Ground out U3 (Groundball, 3)
Top of the 9th over - 0 run(s), 0 hit(s), 0 error(s), 0 left on base; Bemidji 2 - Columbia 6
This league is powered by Out of the Park Baseball, the baseball management simulation game for PC, Mac and Linux
Wednesday, December 2nd, 2015 - OOTP Baseball 16.8 Build 38